AoeStats
← Rudelfux

Arabia

510568879Analyzed
2v2 RM · 1d ago on Oct 1, 2026· 42m 43s· 4 players
Game mode
Random Map
Map size
Medium (4 player)
Population
200
Speed
Normal
Resources
Standard
Victory
Conquest
Starting age
Dark Age
Ending age
Imperial Age
RankedLock teamsTeams togetherTeam positionsShared explorationLock speedFull tech treeHidden civsTurbo modeCheats
Victory
Defeat
🇸🇰 Bohemians · Slovakia
726
+23
🇸🇰 Chinese · Slovakia
726
+23
🇩🇪 Britons · Germany
955
-92
842
-21
[C&G] Basileus DomenicoS
0:38 Loom
10:16 Feudal Age
11:01 Horse Collar
11:08 Double-Bit Axe
12:01 Wheelbarrow
12:53 Town Watch
Rudelfux
8:38 Loom
9:40 Loom
14:01 Feudal Age
15:30 Horse Collar
15:37 Double-Bit Axe
19:59 Gold Mining
23:28 Castle Age
22:58 Stone Mining
25:20 Bow Saw
28:14 Wheelbarrow
27:11 Pikeman
28:41 Scale Mail Armor
28:32 Fletching
30:09 Elite Skirmisher
31:06 Scale Barding Armor
samcút_NT
8:03 Loom
10:36 Feudal Age
11:03 Double-Bit Axe
10:59 Horse Collar
27:11 Castle Age
29:38 Crossbowman
30:24 Thumb Ring
31:06 Fletching
31:16 Padded Archer Armor
36:03 Bow Saw
38:13 Ballistics
40:36 Husbandry
Dr. Radko
5:32 Loom
9:50 Feudal Age
18:27 Fletching
18:39 Padded Archer Armor
22:36 Castle Age
21:56 Double-Bit Axe
24:25 Bodkin Arrow
29:27 Town Watch
30:18 Wheelbarrow
29:32 Horse Collar
32:07 Heavy Plow
33:37 Leather Archer Armor
39:03 Imperial Age
39:39 Ballistics
40:19 Chemistry
39:15 Murder Holes
39:17 Elite Hussite Wagon
41:01 Spies/Treason
Connection lost

Rejoining the realm…

Still unreachable

The connection could not be restored.

Session expired

The server has moved on; the page needs a fresh start.